Map: New Repugnancy LE

Players

Jmint

  • Race: Terran Terran
  • League: Diamond
  • Spawn Location: 7:00

Ragnarokette - Winner!

  • Race: Zerg Zerg
  • League: Diamond
  • Spawn Location: 1:00

VOD

Have the link to the VOD?

Description

Time

  • Played on: Feb. 8, 2019, 6:31 p.m.
  • Length: 22:59
Show
View Real Time Build Order
Export as new Build Order

Jmint Terran 

Build Orders: Command Center First (CC) 

Get SALT Encoding   

  12  0:00  SCV  
  13  0:13  SCV  
  14  0:20  Supply Depot  
  14  0:25  SCV  
  15  0:53  Command Center  
  15  0:56  SCV  
  16  1:09  SCV  
  17  1:16  Barracks  
  17  1:21  SCV  
  18  1:28  Refinery  
  18  1:33  Barracks  
  18  1:36  SCV  
  19  1:48  SCV  
  20  2:04  Orbital Command  
  20  2:08  Marine  
  21  2:22  Barracks  
  21  2:29  Marine  
  22  2:35  Factory  
  22  2:39  SCV  
  22  2:42  Marine  
  24  2:52  SCV  
  24  2:54  Supply Depot  
  25  3:03  Marine x2  
  25  3:04  SCV  
  28  3:05  SCV  
  29  3:16  SCV, Barracks Tech Lab  
  29  3:17  SCV  
  31  3:21  Factory Tech Lab  
  31  3:24  Refinery  
  31  3:26  Starport  
  31  3:28  SCV  
  31  3:30  SCV  
  31  3:33  Refinery  
  33  3:35  Marine  
  33  3:36  Marine  
  33  3:40  SCV  
  36  3:42  SCV  
  36  3:44  Barracks Reactor  
  37  3:52  SCV  
  38  3:57  Marine x2  
  40  4:03  Orbital Command  
  40  4:06  Siege Tank  
  43  4:15  Starport Reactor, Marine  
  44  4:19  Marine  
  44  4:21  Supply Depot, Marine  
  46  4:30  Stimpack  
  46  4:32  Refinery  
  46  4:39  Supply Depot  
  46  4:42  SCV x2, Marine x3  
  46  4:44  Supply Depot  
  51  4:53  Medivac  
  51  4:54  SCV  
  54  5:00  SCV, Medivac  
  54  5:02  Supply Depot  
  54  5:04  Marine x2  
  54  5:05  Marine  
  54  5:07  SCV  
  61  5:10  Marine  
  61  5:12  SCV  
  63  5:19  SCV  
  64  5:22  Marine  
  64  5:24  Supply Depot  
  64  5:25  SCV  
  64  5:27  Medivac  
  68  5:30  Barracks Reactor, Medivac  
  70  5:36  Marine x2  
  70  5:37  SCV  
  73  5:49  Engineering Bay  
  73  5:56  Marine x3  
  76  5:57  Medivac  
  78  6:05  Supply Depot  
  78  6:14  Marine x3  
  78  6:15  Barracks  
  78  6:16  Marine x2  
  83  6:21  Command Center  
  83  6:22  SCV  
  84  6:28  Supply Depot  
  84  6:32  Marine x3  
  87  6:34  SCV, Marine  
  89  6:48  Marine  
  89  6:50  Marine x3  
  89  6:52  Supply Depot, Medivac x2  
  97  6:55  Marine  
  97  6:56  SCV  
  99  7:05  Marine  
  102  7:08  Marauder  
  102  7:13  Marine x4  
  102  7:14  SCV  
  107  7:23  Marine  
  110  7:30  Marauder  
  110  7:32  Marine x2  
  110  7:33  Siege Tank  
  108  7:51  Marauder  
  107  8:02  Factory  
  107  8:05  Siege Tank  
  110  8:06  Medivac x2  
  114  8:13  Marauder, Marine x5  
  121  8:21  Barracks  
  121  8:25  Planetary Fortress  
  121  8:28  SCV  
  121  8:30  SCV  
  121  8:31  Marine x2  
  125  8:38  Supply Depot  
  125  8:41  Supply Depot  
  125  8:43  Supply Depot  
  125  8:47  Factory Tech Lab  
  125  8:59  Siege Tank, SCV, Marauder, Marine x2  
  125  9:02  SCV, Marine  
  135  9:04  Supply Depot, Terran Infantry Weapons Level 1  
  135  9:09  Armory  
  135  9:10  Marine x2  
  135  9:11  Engineering Bay  
  135  9:13  SCV  
  135  9:14  SCV  
  140  9:17  SCV  
  140  9:21  Marauder  
  142  9:25  SCV  
  142  9:26  SCV  
  142  9:29  SCV  
  145  9:31  Siege Tank  
  145  9:36  Marine x2  
  145  9:37  SCV, Marine x4  
  155  9:38  SCV  
  156  9:47  Marauder  
  157  9:54  Marine  
  150  10:02  Marine  
  150  10:03  Siege Tank, Marine  
  150  10:05  Siege Tank  
  142  10:08  Marauder  
  142  10:10  Marine x3  
  135  10:20  Marine  
  133  10:27  Marine x2  
  133  10:28  Marine  
  135  10:30  Marauder  
  132  10:37  Siege Tank  
  132  10:38  Marine  
  121  10:45  Marine x3  
  116  10:51  Marauder  
  116  10:56  Marine  
  102  11:03  Marine x3  
  98  11:13  Marauder  
  98  11:14  Marine  
  101  11:21  Marine x3  
  104  11:27  Medivac x2  
  104  11:28  Command Center  
  104  11:32  Marine  
  109  11:34  Marauder  
  109  11:39  Marine x3  
  114  11:49  Marine  
  115  11:55  Marine  
  115  11:57  Marine x3  
  119  12:07  Marine  
  120  12:13  Marine  
  120  12:14  Marine x3  
  112  12:25  Marine  
  112  12:30  Marine  
  112  12:32  Marine  
  112  12:36  Siege Tank x2  
  120  12:47  Refinery  
  120  12:59  Planetary Fortress  
  120  13:03  Marine x5  
  125  13:08  Siege Tank x2  
  113  13:40  Siege Tank, Marine x2  
  113  13:41  Marine x3  
  102  13:58  Marine x2  
  102  14:02  Command Center  
  101  14:28  Siege Tank x2  
  101  14:30  Marine x4  
  101  14:31  Marine  
  112  14:43  Terran Infantry Armor Level 1  
  112  14:47  Terran Infantry Weapons Level 2  
  112  14:48  Marine  
  113  14:55  Sensor Tower  
  71  15:27  Marine x5  
  68  15:34  Siege Tank x2  
  74  15:44  Marine x2  
  74  15:45  Marine x3  
  79  16:02  Marine x4  
  79  16:03  Marine  
  84  16:06  Siege Tank x2  
  87  16:20  Marine x2  
  89  16:31  Marine x3  
  92  16:38  Siege Tank x2, Marine x2  
  100  16:49  Marine x3  
  101  16:56  Marine x2  
  103  17:02  SCV  
  104  17:15  SCV  
  105  17:27  SCV  
  106  17:33  Marauder, Marine  
  109  17:45  Siege Tank  
  109  17:59  Siege Tank  
  105  18:39  Marine x4  
  105  18:40  Marine  
  106  18:53  Refinery  
  106  18:54  Siege Tank x2  
  106  18:55  Refinery  
  112  18:57  Marine x3  
  112  18:58  Sensor Tower  
  115  19:26  Siege Tank  
  62  20:01  Siege Tank x2  
  49  20:33  Siege Tank  
  32  20:56  Marine x2  
Show
View Real Time Build Order
Export as new Build Order

Ragnarokette Zerg - Winner!

Build Orders: Hatch First 

Get SALT Encoding   

  12  0:01  Drone  
  13  0:13  Overlord  
  13  0:16  Drone  
  14  0:32  Drone x2  
  16  0:52  Hatchery  
  16  0:54  Drone  
  16  0:57  Drone  
  16  1:01  Drone  
  18  1:12  Extractor  
  18  1:17  Spawning Pool  
  16  1:20  Drone  
  16  1:24  Drone  
  18  1:30  Drone  
  19  1:40  Overlord  
  19  1:52  Drone  
  20  2:04  Queen x2  
  20  2:05  Zergling x2  
  20  2:06  Zergling x2  
  26  2:13  Metabolic Boost  
  26  2:16  Drone  
  26  2:18  Drone  
  28  2:25  Drone  
  30  2:30  Drone  
  30  2:34  Overlord  
  30  2:45  Queen  
  30  2:46  Queen  
  30  2:51  Overlord  
  34  2:57  Drone x2  
  36  2:58  Drone  
  37  3:15  Hatchery  
  37  3:16  Drone  
  37  3:28  Drone  
  37  3:29  Drone x4  
  42  3:36  Extractor  
  42  3:37  Roach Warren  
  42  3:38  Extractor  
  39  3:43  Drone, Overlord  
  40  3:54  Drone x2  
  40  3:55  Drone x2, Overlord  
  44  4:03  Lair  
  44  4:07  Zergling x2  
  44  4:08  Zergling x2  
  44  4:09  Zergling x2  
  47  4:13  Drone  
  47  4:14  Drone  
  47  4:16  Drone  
  50  4:27  Drone x5  
  50  4:29  Drone  
  56  4:35  Roach  
  56  4:36  Roach  
  60  4:39  Overlord  
  60  4:49  Evolution Chamber  
  60  4:50  Evolution Chamber  
  60  4:51  Overlord  
  58  4:55  Spore Crawler  
  57  5:02  Roach  
  57  5:03  Roach x2  
  63  5:07  Spore Crawler  
  63  5:12  Queen  
  64  5:15  Drone x3  
  67  5:23  Overlord  
  67  5:25  Roach x2  
  71  5:33  Drone x4, Spore Crawler  
  74  5:47  Drone x8  
  82  5:54  Hydralisk Den  
  81  6:00  Baneling Nest  
  80  6:14  Zergling x2  
  80  6:15  Zergling x4  
  80  6:16  Drone x2  
  80  6:17  Drone x2, Overlord  
  87  6:20  Extractor x2  
  87  6:22  Zerg Melee Weapons Level 1  
  87  6:23  Zerg Ground Armor Level 1  
  87  6:24  Muscular Augments  
  87  6:25  Hydralisk x2  
  85  6:28  Overlord  
  89  6:48  Drone x6  
  89  6:49  Overlord x2  
  89  6:50  Drone x2  
  97  6:59  Overlord  
  97  7:00  Overlord, Hydralisk  
  97  7:01  Hydralisk x3  
  105  7:18  Hydralisk x7  
  110  7:45  Hatchery  
  103  8:01  Hatchery  
  103  8:05  Zergling x16  
  110  8:06  Centrifical Hooks  
  110  8:16  Overlord x2  
  110  8:20  Zerg Melee Weapons Level 2, Zerg Ground Armor Level 2  
  110  8:25  Hydralisk  
  110  8:26  Hydralisk x2  
  116  8:27  Overlord  
  116  8:46  Baneling x12  
  116  8:48  Zergling x16  
  124  8:56  Drone x3  
  124  8:58  Drone  
  128  9:07  Queen  
  130  9:13  Queen, Overlord  
  130  9:14  Overlord  
  132  9:36  Spine Crawler  
  125  9:58  Hydralisk x9  
  125  9:59  Zergling x18  
  145  10:00  Zergling x2  
  137  10:08  Drone x2  
  126  10:24  Zergling x2  
  126  10:25  Zergling x18  
  128  10:45  Lair  
  128  10:46  Hydralisk x8  
  132  11:00  Hatchery  
  130  11:07  Hatchery  
  127  11:18  Queen  
  129  11:34  Hydralisk x6  
  136  11:49  Overseer  
  136  11:50  Overlord  
  136  12:03  Extractor  
  136  12:06  Queen x2  
  136  12:07  Extractor  
  138  12:09  Zergling x8  
  138  12:10  Zergling x4  
  144  12:21  Ravager  
  144  12:36  Hatchery  
  143  12:57  Hydralisk  
  143  12:58  Zergling x2, Hydralisk x8  
  149  12:59  Zergling x2  
  163  13:09  Hydralisk x2  
  163  13:10  Zergling x4  
  154  13:34  Hydralisk  
  154  13:35  Hydralisk x6  
  154  13:36  Zergling x2  
  142  14:11  Hatchery  
  141  14:17  Drone  
  141  14:18  Drone x11  
  153  14:36  Queen  
  155  14:45  Hatchery  
  154  14:50  Overlord  
  154  14:55  Hydralisk  
  155  15:06  Zergling x10  
  128  15:16  Hydralisk x2  
  96  15:31  Hydralisk x2  
  100  15:37  Extractor  
  99  15:47  Zergling x2  
  99  15:48  Zergling x10  
  105  16:02  Hydralisk x3  
  105  16:03  Hydralisk  
  108  16:25  Hydralisk  
  106  16:26  Zergling x26  
  106  16:27  Zergling x2  
  120  17:05  Hydralisk x11  
  120  17:06  Zergling x2  
  143  17:28  Hydralisk x4  
  143  17:29  Hydralisk x2  
  155  17:37  Spine Crawler  
  154  18:08  Infestation Pit  
  153  18:19  Hatchery  
  137  18:45  Lair  
  137  18:47  Hydralisk x9  
  137  18:48  Zergling x8, Hydralisk x3  
  162  18:49  Zergling x4  
  167  19:09  Hydralisk  
  167  19:10  Zergling x2, Hydralisk x3  
  131  19:46  Pneumatized Carapace  
  131  19:48  Zergling x16  
  103  20:31  Hydralisk  
  103  20:32  Hydralisk  
  93  20:41  Hydralisk x5  
  73  21:18  Overlord  
  73  21:24  Hatchery  
  70  21:49  Spawning Pool  
Tags
 
Add a new tag
Caveats
  • Supply blocks, unpowered buildings, or Contaminate may cause inaccurate times.
  • Supply counts are checked every 10 seconds.